 Dungeon Crawl Stone Soup version 0.30-a0-177-g1cb5dbfd7a (webtiles) character file.

Game seed: 12390519720951257836

51 billz999 the Ruffian (level 3, 0/36 HPs)
             Began as a Troll Monk on Oct 3, 2022.
             Slain by Grinder (12 damage)
             ... on level 3 of the Dungeon.
             The game lasted 00:01:45 (1600 turns).

billz999 the Ruffian (Troll Monk)                   Turns: 1600, Time: 00:01:45

Health: 0/36       AC:  4    Str: 21    XL:     3   Next: 57%
Magic:  2/2        EV: 10    Int:  6    God:
Gold:   88         SH:  5    Dex: 12    Spells: 2/2 levels left

rFire   . . .      SeeInvis .      - Unarmed
rCold   . . .      Faith    .    (no shield)
rNeg    . . .      Spirit   .    a - +0 robe
rPois   .          Reflect  +    (helmet restricted)
rElec   .          Harm     .    (no cloak)
rCorr   +          Rampage  +    (gloves unavailable)
Will    .....                    (boots unavailable)
Stlth   ++........               p - amulet of Amorality {Reflect Rampage rCorr SH+5}
HPRegen 1.06/turn                o - ring of wizardry
MPRegen 0.08/turn                (no ring)

@: no status effects
A: large, unfitting armour, claws 3, regeneration 1, shaggy fur 1, tough skin 1
a: no special abilities


You were on level 3 of the Dungeon.
You visited 1 branch of the dungeon, and saw 3 of its levels.

You collected 88 gold pieces.

Inventory:

Armour
 a - a +0 robe (worn)
Jewellery
 o - a ring of wizardry (left claw)
 p - the amulet of Amorality (around neck) {Reflect Rampage rCorr SH+5}
   (You found it on level 3 of the Dungeon)

   [amulet of reflection]

   It reflects blocked missile attacks.
   rCorr:     It protects you from acid and corrosion.
   SH:        It affects your SH (+5).
   Rampage:   It bestows one free step when moving towards enemies.
Scrolls
 c - 2 scrolls of magic mapping {unknown}
 d - a scroll of brand weapon {unknown}
 g - a scroll of blinking {unknown}
 i - 2 scrolls of identify {unknown}
 k - a scroll of enchant armour {unknown}
 l - a scroll of torment {unknown}
Potions
 b - a potion of ambrosia
 e - a potion of lignification {unknown}
 f - a potion of brilliance {unknown}
 h - a potion of berserk rage {unknown}
 j - a potion of curing
 m - a potion of flight {unknown}
 n - a potion of mutation {unknown}


   Skills:
 - Level 2.4 Fighting
 - Level 2.4 Dodging
 - Level 1.0 Stealth
 + Level 4.6 Unarmed Combat


You had 2 spell levels left.
You didn't know any spells.
Your spell library contained the following spells:

 Spells                   Type           Power      Damage    Failure   Level
 Beastly Appendage        Tmut           0%         N/A       21%         1
 Wereblood                Tmut           0%         N/A       28%         2
 Ozocubu's Armour         Ice            0%         N/A       50%         3
 Spider Form              Tmut/Pois      0%         N/A       50%         3
 Ozocubu's Refrigeration  Ice            0%         4d7       100%        7


Dungeon Overview and Level Annotations

Branches:
Dungeon (3/15)

Altars:

Annotations:
D:3 Grinder, Sigmund


Innate Abilities, Weirdness & Mutations

You are too large for most types of armour.
You have claws for hands.
Your natural rate of healing is unusually fast.
You are covered in fur. (AC +1)
You have tough skin. (AC +1)


Message History

You barely resist.
You finish putting on the amulet of Amorality {Reflect Rampage rCorr SH+5}.
You feel a shielding aura gather around you.
You feel ready to rampage towards enemies.
p - the amulet of Amorality (around neck) {Reflect Rampage rCorr SH+5} You claw Grinder!
Grinder is moderately wounded.
Grinder hits you!
You barely miss Grinder.
Grinder is moderately wounded.
You block Grinder's attack.
Okay, then.
You closely miss Grinder.
Grinder is moderately wounded.
You scratch Grinder.
Grinder is moderately wounded.
Grinder barely misses you. The giant cockroach closely misses you.
You barely miss Grinder.
Grinder is moderately wounded.
Grinder hits you!
* * * LOW HITPOINT WARNING * * *
You writhe in agony.
* * * LOW HITPOINT WARNING * * *
The giant cockroach bites you.
* * * LOW HITPOINT WARNING * * *
It was a potion of curing.
You feel better. The giant cockroach barely misses you.
Grinder closely misses you.
You closely miss Grinder.
Grinder is moderately wounded.
The giant cockroach bites you but does no damage.
You block Grinder's attack.
You scratch Grinder but do no damage.
Grinder is moderately wounded.
The giant cockroach misses you. Grinder hits you!
* * * LOW HITPOINT WARNING * * *
You writhe in agony.
* * * LOW HITPOINT WARNING * * *
The giant cockroach barely misses you.
You feel better. Grinder hits you!
You die...

.................
..####....#.....
+#####..........
................
................
................
..............##
..............##
........@5......
.........B....##
..............#
....#####....#
.... ...## .##
...# ...# ###


You could see Grinder (strong) and a giant cockroach.

Vanquished Creatures
  An adder (D:2)
  A dart slug (D:2)
  4 bats
  An endoplasm (D:3)
  A giant cockroach (D:1)
  5 goblins (D:1)
  5 hobgoblins
  2 jackals (D:1)
  3 kobolds
  2 quokkas (D:2)
  3 ball pythons
  2 frilled lizards (D:1)
  8 rats
38 creatures vanquished.

Notes
Turn   | Place    | Note
-------+----------+-------------------------------------------
     0 | D:1      | billz999 the Troll Monk began the quest for the Orb.
     0 | D:1      | Reached XP level 1. HP: 22/22 MP: 0/0
    87 | D:1      | Reached XP level 2. HP: 25/29 MP: 1/1
   362 | D:1      | Reached skill level 4 in Unarmed Combat
   858 | D:2      | Reached XP level 3. HP: 36/36 MP: 2/2
  1176 | D:2      | Found a faded altar of an unknown god.
  1403 | D:3      | Noticed Sigmund
  1581 | D:3      | Noticed Grinder
  1585 | D:3      | Identified the amulet of Amorality {Reflect Rampage rCorr
                  | SH+5}
  1600 | D:3      | Slain by Grinder

Illustrated notes

Levels and vault maps discovered:
D:1:      lightli_arrival_windingriver, layout_basic
D:2:      minmay_general_purpose_star, layout_basic,
          shapermc_ecumenical_altar_flowoftime, kennysheep_generic_room_2
D:3:      minmay_evil_eye, layout_basic, uniq_sigmund, uniq_grinder

Skill      XL: |  1  2 |
---------------+-------+-----
Unarmed Combat | 4 |  4.6
Fighting       | |  2.4
Dodging        | |  2.4
Stealth        | |  1.0

Action                   || total
-------------------------++-------
Melee: Unarmed           ||   104
       Punch             ||     3
  Use: Potion            ||     2
 Stab: Sleeping          ||     1
Armor: Robe              ||    30
Dodge: Dodged            ||    68
Block: Other             ||     2

Table legend: (Time is in decaauts)
 A = Elapsed time spent in this place.
 B = Non-inter-level travel time spent in this place.
 C = Inter-level travel time spent in this place.
 D = Time resting spent in this place.
 E = Time spent auto-exploring this place.
 F = Levels seen in this place.
 G = Mean time per level.
                   A        B        C        D        E       F      G
               +--------+--------+--------+--------+--------+-----+--------+
         Total |   1593 |   1484 |    109 |    100 |   1153 |   3 |  531.0 |
       Dungeon |   1593 |   1484 |    109 |    100 |   1153 |   3 |  531.0 |
               +--------+--------+--------+--------+--------+-----+--------+

Top non-repeatable levels by time:
     D:1: 835 daAuts
     D:2: 621 daAuts
     D:3: 137 daAuts
